 Dungeon Crawl Stone Soup version 0.20-a0-465-g6513c8f (webtiles) character file.

40194 ololoev the Grappler (level 13, -1/102 HPs)
             Began as a Troll Fire Elementalist on Jan 12, 2017.
             Was a High Priest of Okawaru.
             Killed from afar by an orc (22 damage)
             ... with an exploding inner flame
             ... hexed by the player character
             ... on level 2 of the Orcish Mines.
             The game lasted 00:48:53 (14752 turns).

ololoev the Grappler (Troll Fire Elementalist)     Turns: 14752, Time: 00:48:54

Health: -1/102     AC: 20    Str: 24    XL:     13   Next: 73%
Magic:  17/18      EV: 18    Int: 14    God:    Okawaru [*****.]
Gold:   1367       SH: 13    Dex: 15    Spells: 14/17 levels left

rFire  . . .     SeeInvis .       - Unarmed
rCold  . . .     Gourm    +     C - quicksilver dragon scales
rNeg   . . .     Faith    .     t - +0 shield
rPois  .         Spirit   .     w - +1 hat
rElec  .         Reflect  .     A - +0 cloak
rCorr  .         Harm     .     (gloves unavailable)
MR     ++...                    (boots unavailable)
Stlth  +++.......               (no amulet)
                                r - +3 ring of evasion
                                s - ring "Luxarac" {Int+3 Dex+4}

@: heroism, drained
A: unfitting armour, claws 3, icy blue scales 1, fast metabolism 3, gourmand,
magic resistance 1, regeneration 1, shaggy fur 1, strong 1, tough skin 2,
subdued magic 1
a: Heroism, Finesse, Renounce Religion


Innate Abilities, Weirdness & Mutations

You are too large for most types of armour.
You have claws for hands.
Your metabolism is lightning-fast.
You like to eat raw meat.
Your natural rate of healing is unusually fast.
You are covered in fur. (AC +1)
You have very tough skin. (AC +2)
You are partially covered in icy blue scales. (AC +2)
You are resistant to hostile enchantments. (MR+)
Your muscles are strong. (Str +2)
Your spells are a little easier to cast, but a little less powerful.

Inventory:

Hand Weapons
 b - a +7 blowgun
Missiles
 G - 27 large rocks (quivered)
 H - a needle of frenzy
 K - 3 needles of confusion
Armour
 t - a +0 shield (worn)
 w - a +1 hat (worn)
 z - the +7 ring mail of Inviolability {rN++, unknown}
   (You found it on level 4 of the Dungeon)

   It greatly protects you from negative energy.
 A - a +0 cloak (worn)
 C - quicksilver dragon scales (worn)
Jewellery
 m - an uncursed ring of flight
 r - a +3 ring of evasion (right claw)
 s - the ring "Luxarac" (left claw) {Int+3 Dex+4}
   (You found it on level 12 of the Dungeon)

   [ring of intelligence]

   It affects your intelligence (+3).
   It affects your dexterity (+4).
 M - an uncursed ring of ice
 N - an uncursed ring of see invisible
Scrolls
 e - 10 scrolls of remove curse
 h - 2 scrolls of amnesia {unknown}
 k - 4 scrolls of recharging {unknown}
 l - 7 scrolls of teleportation
 p - a scroll of fear
 v - 2 scrolls of immolation
 D - a scroll of fog
 J - 2 scrolls of silence
 P - a scroll of enchant armour {unknown}
Potions
 a - 2 potions of lignification
 f - 2 potions of ambrosia
 j - 7 potions of curing
 n - 5 potions of might {unknown}
 q - a potion of haste
 B - 5 potions of magic
 F - a potion of heal wounds {unknown}
 Q - a potion of agility
Comestibles
 c - 6 bread rations
 d - 4 slices of pizza
 g - 15 fruits
 i - 8 meat rations
 o - 3 chunks of flesh
 x - 8 beef jerkies
 I - 9 royal jellies


   Skills:
 + Level 9.0(13.8) Throwing
 + Level 4.2(9.0) Armour
 + Level 4.8(9.6) Dodging
 - Level 1.0(5.8) Stealth
 + Level 8.5(13.3) Shields
 * Level 14.0(18.8) Unarmed Combat
 + Level 2.7(2.5) Spellcasting
 - Level 0.6(0.4) Conjurations
 + Level 2.4(2.2) Hexes
 - Level 2.1(2.0) Fire Magic
 + Level 8.7(8.6) Invocations


You had 14 spell levels left.
You knew the following spells:

 Your Spells              Type           Power        Failure   Level  Hunger
a - Confusing Touch       Hex            #.....       14%         1    #......
b - Flame Tongue          Conj/Fire      #....        21%         1    #......
p - Apportation           Tloc           #.........   30%         1    #......


You were on level 2 of the Orcish Mines.
You worshipped Okawaru.
Okawaru was extremely pleased with you.
You were completely stuffed.

You visited 3 branches of the dungeon, and saw 16 of its levels.
You also visited: Ossuary and Volcano.

You collected 1734 gold pieces.
You spent 367 gold pieces at shops.

#..............#..o.
##.............o.)..
#..............4oo..
#................)..
#.............o..o.o
#........§.§.oo.o..
#.......§§§§...#..
#.......§§§§§..#
#.......§@§§§..#
#........§§....#
#....(....§....#
##.............#
#...%....%.....#
#..............#
#..............#
#..............#
#.............#

Notes
Turn   | Place    | Note
-------+----------+-------------------------------------------
     0 | D:1      | ololoev the Troll Fire Elementalist began the quest for the Orb.
     0 | D:1      | Reached XP level 1. HP: 16/16 MP: 1/1
    52 | D:1      | Reached skill level 1 in Unarmed Combat
   104 | D:1      | Reached XP level 2. HP: 15/24 MP: 2/2
   161 | D:1      | Reached skill level 2 in Unarmed Combat
   681 | D:2      | Reached XP level 3. HP: 24/31 MP: 3/3
   718 | D:2      | Reached skill level 3 in Unarmed Combat
   890 | D:2      | Reached XP level 4. HP: 39/39 MP: 4/4
  1233 | D:2      | Reached skill level 4 in Unarmed Combat
  1364 | D:3      | Reached XP level 5. HP: 43/45 MP: 5/5
  1673 | D:2      | Reached skill level 5 in Unarmed Combat
  1735 | D:3      | Reached skill level 1 in Shields
  1795 | D:3      | Found a sacrificial altar of Ru.
  1814 | D:3      | Became a worshipper of Ru the Awakened
  2097 | D:3      | Found a glowing silver altar of Zin.
  2208 | D:4      | Reached XP level 6. HP: 43/53 MP: 6/6
  2326 | D:4      | Found a staircase to the Ecumenical Temple.
  2355 | Temple   | Entered the Ecumenical Temple
  2397 | Temple   | Fell from the grace of Ru
  2397 | Temple   | Became a worshipper of Warmaster Okawaru
  2454 | D:4      | Reached skill level 6 in Unarmed Combat
  2558 | D:4      | Reached XP level 7. HP: 59/59 MP: 7/7
  2582 | D:4      | Got an ichor-stained ring mail
  2701 | D:4      | Reached skill level 1 in Invocations
  2807 | D:4      | Found a burning altar of Makhleb.
  2847 | D:4      | Noticed Blork the orc
  2858 | D:4      | Killed Blork the orc
  3076 | D:5      | Entered Level 5 of the Dungeon
  3116 | D:5      | Reached * piety under Okawaru
  3122 | D:5      | Reached skill level 1 in Throwing
  3352 | D:5      | Reached skill level 7 in Unarmed Combat
  3405 | D:5      | Reached XP level 8. HP: 67/67 MP: 8/8
  3410 | D:5      | Gained mutation: You are resistant to hostile enchantments. (MR+) [mutagenic meat]
  3411 | D:5      | Gained mutation: Your spells are a little easier to cast, but a little less powerful. [mutagenic meat]
  3857 | D:6      | Reached ** piety under Okawaru
  3857 | D:6      | Reached skill level 8 in Unarmed Combat
  3859 | D:6      | Found a sand-covered staircase.
  3925 | Ossuary  | Entered an ossuary
  4206 | D:6      | Reached XP level 9. HP: 74/74 MP: 10/10
  4677 | D:6      | Reached skill level 9 in Unarmed Combat
  4848 | D:6      | Gained mutation: You are partially covered in icy blue scales. (AC +2) [mutagenic meat]
  4849 | D:6      | Gained mutation: Your muscles are strong. (Str +2) [mutagenic meat]
  5082 | D:7      | Reached *** piety under Okawaru
  5227 | D:7      | Reached skill level 5 in Shields
  5771 | D:8      | Found an opulent altar of Gozag.
  5880 | D:8      | Found a white marble altar of Elyvilon.
  5998 | D:8      | Found a staircase to the Lair.
  6023 | D:8      | Reached skill level 5 in Invocations
  6033 | D:8      | Reached skill level 10 in Unarmed Combat
  6033 | D:8      | Reached XP level 10. HP: 47/81 MP: 12/12
  6101 | D:8      | Reached skill level 5 in Throwing
  6111 | D:8      | Reached **** piety under Okawaru
  6442 | D:8      | Noticed Prince Ribbit
  6618 | D:8      | Killed Prince Ribbit
  6733 | D:8      | Noticed Pikel
  6744 | D:8      | Killed Pikel
  6779 | D:8      | Reached skill level 11 in Unarmed Combat
  6781 | D:8      | Reached ***** piety under Okawaru
  6811 | D:8      | Found a shimmering altar of Xom.
  6820 | D:8      | Received a gift from Okawaru
  6821 | D:8      | Noticed Grum
  6944 | D:8      | Killed Grum
  7533 | D:9      | Noticed a two-headed ogre
  7693 | D:9      | Reached XP level 11. HP: 84/88 MP: 14/14
  7960 | D:9      | Found a hide-covered altar of Uskayaw.
  7963 | D:9      | Found a hazy altar of Hepliaklqana.
  7966 | D:9      | Found a sparkling altar of Nemelex Xobeh.
  8023 | D:9      | Received a gift from Okawaru
  8255 | D:9      | Killed a two-headed ogre
  8484 | D:10     | Entered Level 10 of the Dungeon
  8809 | D:10     | Noticed a two-headed ogre
  8814 | D:10     | Killed a two-headed ogre
  8883 | D:10     | Noticed a two-headed ogre
  8891 | D:10     | Killed a two-headed ogre
  8891 | D:10     | Reached skill level 12 in Unarmed Combat
  9296 | D:11     | Found a staircase to the Orcish Mines.
  9296 | D:11     | Found Rutsy's Weapon Shop.
  9443 | D:11     | Noticed a red ugly thing
  9448 | D:11     | Killed a red ugly thing
  9459 | D:11     | Received a gift from Okawaru
  9483 | D:11     | Noticed an eight-headed hydra
  9566 | D:11     | Noticed a two-headed ogre
  9570 | D:11     | Killed a two-headed ogre
  9626 | D:11     | Noticed a two-headed ogre
  9636 | D:11     | Killed a two-headed ogre
  9636 | D:11     | Reached skill level 1 in Armour
  9710 | D:11     | Noticed a cyan ugly thing
  9719 | D:11     | Killed a cyan ugly thing
  9976 | D:11     | Noticed a two-headed ogre
  9982 | D:11     | Killed a two-headed ogre
 10072 | D:11     | Reached XP level 12. HP: 37/96 MP: 13/16
 10296 | D:11     | Killed an eight-headed hydra
 10370 | D:11     | Noticed a two-headed ogre
 10374 | D:11     | Killed a two-headed ogre
 10772 | D:12     | Received a gift from Okawaru
 10840 | D:12     | Reached skill level 13 in Unarmed Combat
 11122 | D:12     | Got a twitching tin ring
 11125 | D:12     | Identified the ring "Luxarac" {Int+3 Dex+4} (You found it on level 12 of the Dungeon)
 11236 | D:12     | Iwannabefree: дефира опять убили...
 11238 | D:12     | ololoev: eto norma
 11242 | D:12     | Iwannabefree: ла
 11249 | D:12     | Iwannabefree: да
 11317 | D:12     | Noticed a centaur warrior
 11331 | D:12     | Killed a centaur warrior
 11503 | D:12     | Iwannabefree: он видимо думает что играет минотавром
 11503 | D:12     | ololoev: opa!
 11503 | D:12     | ololoev: conf touch!
 11525 | D:12     | Iwannabefree: поэтому на любой говнокомбе лезет табать орду энемисов
 11527 | D:12     | Learned a level 1 spell: Confusing Touch
 11527 | D:12     | ololoev: ya tak je igrau
 11527 | D:12     | ololoev: tolko dumau chto ya defe
 11529 | D:12     | Learned a level 1 spell: Apportation
 11641 | D:12     | Iwannabefree: da uzh
 11768 | D:12     | Received a gift from Okawaru
 11937 | D:13     | Noticed a centaur warrior
 11949 | D:13     | Killed a centaur warrior
 11980 | D:11     | ololoev: udacha!
 11980 | D:11     | Bought a +4 blowgun for 367 gold pieces
 11980 | D:11     | Iwannabefree: что там
 11980 | D:11     | Iwannabefree: дудка
 11984 | D:11     | ololoev: +7 stala
 11984 | D:11     | Iwannabefree: и нулевой хватает
 11984 | D:11     | ololoev: norm
 11984 | D:11     | Iwannabefree: чтобы курарами поплевать
 11984 | D:11     | ololoev: curare hren'
 11984 | D:11     | Iwannabefree: так ты с окой
 11984 | D:11     | ololoev: frenzy sila
 11998 | D:12     | Iwannabefree: парализованный черебов, ммм
 12032 | D:13     | Iwannabefree: лягуху тоже чтоли ебнули
 12037 | D:13     | Iwannabefree: !lg ololoev
 12037 | D:13     | beem: 3228. ololoev the Magician (L4 MfFE), slain by a centaur on D:5 on 2017-01-12 08:37:25, with 86 points after 2616 turns and 0:07:26.
 12037 | D:13     | ololoev: da
 12037 | D:13     | ololoev: snorg
 12037 | D:13     | Iwannabefree: !lg ololoev -2
 12037 | D:13     | beem: 3227/3228. ololoev the Destroyer (L11 BaFE of Vehumet), slain by Snorg on D:11 on 2017-01-12 08:06:20, with 12576 points after 16408 turns and 0:52:35.
 12039 | D:13     | Iwannabefree: >>>>3 к игр
 12043 | D:13     | Iwannabefree: >>>>сплататься на снорге
 12060 | D:13     | ololoev: nu tak
 12060 | D:13     | ololoev: vlom je dumat'
 12060 | D:13     | ololoev: esli ne streak
 12081 | D:13     | Noticed a tengu warrior
 12090 | D:13     | Killed a tengu warrior
 12090 | D:13     | Received a gift from Okawaru
 12092 | D:13     | Reached skill level 1 in Hexes
 12350 | D:13     | Reached XP level 13. HP: 102/102 MP: 18/18
 12368 | D:13     | Noticed a fire dragon
 12531 | D:13     | Iwannabefree: с нормальной дудкой и скиллом около 20
 12539 | D:13     | Iwannabefree: шансы очень неплохие
 12541 | D:13     | Iwannabefree: на прок игры
 12551 | D:13     | Iwannabefree: иглы
 12559 | D:13     | ololoev: smotrya protiv kogo
 12559 | D:13     | ololoev: tam ot HD zavisit
 12622 | D:13     | Iwannabefree: против панлордов
 12622 | D:13     | Iwannabefree: !log . * ko
 12622 | D:13     | beem: 4. Iwannabefree, XL27 KoAs, T:94535: http://crawl.xtahua.com/crawl/morgue/Iwannabefree/morgue-Iwannabefree-20161114-203626.txt
 12633 | D:13     | Iwannabefree: 15 troving
 12735 | D:13     | Received a gift from Okawaru
 12736 | D:13     | Iwannabefree: всех панлордов убил с помощью дудки
 12993 | D:13     | Killed a fire dragon
 13008 | D:13     | Found a gate to the Vaults.
 13081 | Orc:1    | Entered Level 1 of the Orcish Mines
 13144 | Orc:1    | Noticed an orc warlord
 13178 | Orc:1    | Killed an orc warlord
 13178 | Orc:1    | Received a gift from Okawaru
 13211 | Orc:1    | ololoev: conf touch konechno OP dlya unarma
 13240 | Orc:1    | Received a gift from Okawaru
 13299 | Orc:2    | Entered Level 2 of the Orcish Mines
 13350 | Orc:1    | Found a dark tunnel.
 13361 | Volcano  | Entered a volcano
 13377 | Volcano  | ololoev: chet noviy vulkan
 13384 | Volcano  | Found a bloodstained altar of Trog.
 13387 | Volcano  | DEFE: Почти дерево
 13393 | Volcano  | DEFE: маг камней
 13395 | Volcano  | DEFE: больших камней
 13418 | Volcano  | Received a gift from Okawaru
 13456 | Volcano  | DEFE: худший вулкан
 13483 | Volcano  | DEFE: самый нищий
 13486 | Volcano  | Iwannabefree: ??lg
 13486 | Volcano  | beem: listgame[1/5]: !lg command displays info about past games. The manual is available here: https://github.com/crawl/sequell/blob/master/docs/listgame.md
 13804 | Orc:1    | Noticed Snorg
 13805 | Orc:1    | ololoev: chertov snorg!
 13828 | Orc:1    | Killed Snorg
 13828 | Orc:1    | Reached skill level 14 in Unarmed Combat
 13922 | Orc:1    | Iwannabefree: !lg defe * xl>10 s=place
 13923 | Orc:1    | beem: 365 games for defe (* xl>10): 48x D:$, 34x D:11, 18x D:12, 16x D:10, 15x Pan, 13x Lair:1, 12x Orc:4, 11x Lair:6, 10x Orc:2, 10x Orc:1, 8x Orc:3, 8x D:15, 8x Lair:8, 7x Lair:3, 7x IceCv, 7x Elf:3, 7x Abyss:1, 6x D:13, 6x Depths:3, 5x Lair:2, 5x Depths:2, 5x D:14, 4x Lair:5, 4x Spider:3, 4x Snake:4, 4x Vaults:1, 4x Lab, 3x Hell, 3x Depths:4, 3x Dis:7, 3x Vaults:2, 3x Swamp:4, 3x Depths:5, 3x Swamp...
 14178 | Orc:1    | Iwannabefree: >3x Dis:7
 14226 | Orc:1    | Found a roughly hewn altar of Beogh.
 14307 | Orc:2    | ololoev: stone giant jestkiy
 14307 | Orc:2    | ololoev: !lg defe place=dis:7 s=killer
 14307 | Orc:2    | beem: 3 games for defe (place=dis:7): a hellion, an iron dragon, the Serpent of Hell
 14395 | Orc:2    | Iwannabefree: был когда кидал тебя
 14407 | Orc:2    | DEFE: это дис
 14407 | Orc:2    | Iwannabefree: сейчас просто annoying
 14407 | Orc:2    | DEFE: там все жесткие
 14654 | Orc:2    | Iwannabefree: !lg . * xl>10 s=place
 14737 | Orc:2    | beem: 146 games for Iwannabefree (* xl>10): 34x D:$, 11x D:11, 5x D:12, 5x Lair:6, 4x Desolation, 4x Lair:4, 4x IceCv, 3x D:10, 3x Snake:4, 3x D:15, 3x Shoals:4, 3x Snake:3, 3x Pan, 3x D:14, 2x Zot:5, 2x Lair:2, 2x Lair:3, 2x Lab, 2x Elf:2, 2x Depths:3, 2x Elf:3, 2x Lair:5, 2x Tomb:2, 2x Orc:2, 2x Swamp:4, 2x Shoals:2, 2x Depths:1, 2x Bailey, 2x Coc:7, 2x D:13, 2x Snake:2, 2x D:9, 2x Vaults:1, Zot:4, ...
 14740 | Orc:2    | ololoev: сейчас будет свехметкий выстрел!
 14741 | Orc:2    | ololoev: черт!
 14741 | Orc:2    | DEFE: лол
 14741 | Orc:2    | ololoev: мимо
 14741 | Orc:2    | DEFE: и правда
 14741 | Orc:2    | DEFE: свехметкий
 14741 | Orc:2    | DEFE: попал куда выцелил
 14741 | Orc:2    | Iwannabefree: еще довай, пока в ряд стоят
 14741 | Orc:2    | Iwannabefree: !lg . * xl>10 s=place unwon
 14741 | Orc:2    | beem: No keyword 'unwon'
 14741 | Orc:2    | ololoev: надо того что с топором подстрелить
 14741 | Orc:2    | ololoev: он много кого успеет порешать
 14752 | Orc:2    | DEFE: а френзи чекает тровинг и энчант?
 14752 | Orc:2    | Killed from afar by an orc

Dungeon Overview and Level Annotations

Branches:
Dungeon (13/15)            Temple (1/1) D:4            Lair (0/6) D:8
    Orc (2/2) D:11         Vaults (0/5) D:13
    Elf: Orc:2

Altars:
Ashenzari
Cheibriados
Dithmenos
Elyvilon
Fedhas
Gozag
Hepliaklqana
Kikubaaqudgha
Makhleb
Nemelex Xobeh
Okawaru
Qazlal
Ru
Sif Muna
Trog
Uskayaw
Vehumet
Xom
Yredelemnul
Zin
The Shining One
Beogh

Shops:
D:11 (


Message History

The orc high priest shouts!
The orc priest shouts!
You scratch the orc warrior.
The orc warrior is lightly wounded.
The orc warrior hits the orc wizard with a war axe of flaming!
The orc warrior burns the orc wizard.
The orc warrior completely misses the orc wizard.
The orc warrior closely misses the orc high priest.
The orc high priest hits the orc warrior with a dire flail!
The orc wizard looks braver for a moment.
The orc wizard casts a spell.
The orc wizard blinks!
You block the orc's attack.
The orc priest moves out of view.
Unknown command.
Unknown command.
You mangle the orc warrior!!
The orc warrior is almost dead.
The orc warrior barely misses the orc high priest.
The orc warrior hits the orc wizard with a war axe of flaming!
The orc warrior burns the orc wizard.
The orc wizard dies!
Okawaru accepts your kill.
The orc warrior looks more experienced.
The orc warrior misses you.
An orc high priest and an orc sorcerer come into view.
Unknown command.
You barely miss the orc warrior.
The orc warrior is almost dead.
The orc high priest shouts!
The orc barely misses you. The orc hits you but does no damage.
The orc warrior hits the orc high priest with a war axe of flaming.
The orc warrior burns the orc high priest.
The orc warrior hits the orc high priest with a war axe of flaming!
The orc warrior burns the orc high priest.
The orc warrior hits the orc sorcerer but does no damage.
The orc wizard completely misses you.
The orc high priest hits the orc warrior but does no damage.
The orc sorcerer hits the orc warrior with a dagger.
Unknown command.
Unknown command.
As you read the scroll of immolation, it crumbles to dust.
The creatures around you are filled with an inner flame!
You block the orc warrior's attack.
The orc warrior hits the orc high priest with a war axe of flaming!!
The orc warrior burns the orc high priest.
The orc warrior hits the orc sorcerer with a war axe of flaming.
The orc warrior burns the orc sorcerer.
The orc warrior hits the orc high priest with a war axe of flaming!
The orc warrior burns the orc high priest.
The orc throws a tomahawk.
The tomahawk misses you. You block the orc's attack.
The orc wizard hits you but does no damage.
An orc priest comes into view. It is wielding a flail.
Unknown command.
Unknown command.
Unknown command.
Unknown command.
The orc warrior barely misses the orc high priest.
The orc warrior hits the orc sorcerer with a war axe of flaming.
The orc warrior burns the orc sorcerer.
The orc warrior closely misses something.
The orc hits you but does no damage.
You see here a tomahawk.
Unknown command.
Unknown command.
You mangle the orc wizard!!
The orc wizard explodes!
The fiery explosion engulfs you!
Ouch! That really hurt!
The fiery explosion engulfs the orc.
The orc explodes!
The fiery explosion engulfs the orc.
The orc explodes!
The fiery explosion engulfs the orc warrior.
The orc warrior explodes!
The fiery explosion engulfs you!
The fiery explosion engulfs the orc.
The orc explodes!
The fiery explosion engulfs the orc wizard.
The orc wizard explodes!
Okawaru accepts your kill. x2
Your base Throwing skill increases to level 9!
The fiery explosion engulfs you!
You die...

You could see an orc high priest (inner flame), an ice devil, an orc sorcerer (inner flame), an orc priest (inner flame), 2 orc wizards and a neutral orc warrior (insane).

Vanquished Creatures
  An orc warlord (Orc:1)
  Snorg (Orc:1)
  A fire dragon (D:13)
  2 hydras
  4 centaur warriors
  9 two-headed ogres
  A tengu warrior (D:13)
  A hell knight (Volcano)
  An unseen horror (D:13)
  A phantasmal warrior (D:13)
  Pikel (D:8)
  An orc knight (Orc:1)
  An ironbrand convoker (D:13)
  A deep elf mage (D:12)
  4 ugly things
  2 cyclopes
  A gargoyle (D:13)
  A kobold demonologist (D:11)
  A tengu conjurer (D:13)
  3 yaktaurs (Volcano)
  5 trolls
  3 hornets (D:8)
  Prince Ribbit (D:8)
  6 slime creatures (D:12)
  2 hippogriffs
  A shadow (D:11)
  18 yaks
  3 basilisks
  A wyvern (D:12)
  Grum (D:8)
  A hungry ghost (D:8)
  4 vampire mosquitoes (D:13)
  A soldier ant (D:8)
  6 swamp worms (D:12)
  2 acid dragons (D:12)
  A water moccasin (D:9)
  3 porcupines (D:8)
  23 orc warriors
  2 hell hounds (Orc:1)
  3 ice beasts
  2 slaves (D:8)
  A black bear (D:13)
  3 phantoms
  An eye of draining (D:10)
  8 sky beasts
  14 centaurs
  3 wolves (D:8)
  6 ogres
  A crocodile (D:8)
  2 big kobolds
  4 elf zombies
  9 bullfrogs
  A wyvern zombie (D:13)
  2 elf skeletons (D:6)
  Blork the orc (D:4)
  4 scorpions
  3 killer bees (D:5)
  8 wights
  9 howler monkeys
  An electric eel (D:8)
  4 crimson imps
  3 centaur zombies
  A quasit (D:8)
  3 bullfrog zombies
  5 jellies
  4 hounds
  A gnoll shaman (D:5)
  17 orc priests
  4 bullfrog skeletons
  A centaur skeleton (D:4)
  5 iguanas
  26 orc wizards
  13 worker ants
  2 hound skeletons
  3 mummies (Ossuary)
  2 worker ant zombies
  6 gnolls
  18 adders
  2 shadow imps
  An adder zombie (Ossuary)
  15 worms
  5 leopard geckos
  101 orcs
  17 giant cockroaches
  5 goblins
  8 hobgoblins
  10 jackals
  15 kobolds
  3 quokkas (D:3)
  12 bats
  6 frilled lizards
  3 goblin zombies (Ossuary)
  3 hobgoblin zombies (Ossuary)
  A jackal zombie (D:5)
  3 kobold zombies (Ossuary)
  2 leopard gecko skeletons
  2 orc zombies
  3 quokka zombies (Ossuary)
  3 rats (D:1)
  3 rat zombies (Ossuary)
  A plant (D:12)
550 creatures vanquished.

Vanquished Creatures (collateral kills)
  An orc priest (Orc:1)
  2 orc wizards (Orc:2)
  5 orcs
8 creatures vanquished.

Vanquished Creatures (others)
  A porcupine (D:8)
  2 orc warriors (Orc:1)
  A slave (D:8)
  2 ogres (Orc:1)
  A crimson imp (D:8)
  An orc wizard (D:8)
  4 orcs
  A quokka (D:8)
  3 fungi (D:8)
  11 plants
27 creatures vanquished.

Grand Total: 585 creatures vanquished

Action                   |  1- 3 |  4- 6 |  7- 9 | 10-12 | 13-15 || total
-------------------------+-------+-------+-------+-------+-------++-------
Melee: Unarmed           |    78 |   202 |   474 |   925 |   304 ||  1983
       Punch             |       |     2 |     3 |       |       ||     5
 Fire: Blowgun           |       |       |       |       |     8 ||     8
Throw: Large rock        |       |       |     4 |    38 |    29 ||    71
 Cast: Confusing Touch   |       |       |       |       |    10 ||    10
       Apportation       |       |       |       |       |     2 ||     2
Invok: Heroism           |       |       |     6 |    29 |    14 ||    49
       Finesse           |       |       |       |       |     1 ||     1
Evoke: Wand              |       |     7 |       |     6 |       ||    13
  Use: Potion            |       |       |     3 |     3 |     3 ||     9
       Scroll            |       |       |     9 |     6 |     9 ||    24
 Stab: Sleeping          |     1 |     1 |     3 |       |       ||     5
       Distracted        |       |       |     1 |     1 |     1 ||     3
       Confused          |       |       |       |       |    11 ||    11
  Eat: Chunk             |     4 |    25 |    37 |    67 |    22 ||   155
Armor: Robe              |    21 |    61 |   104 |   103 |       ||   289
       Skin              |       |       |       |    35 |       ||    35
       Quicksilver drago |       |       |       |   138 |    67 ||   205
Dodge: Dodged            |    48 |   111 |   165 |   315 |   111 ||   750
Block: Shield            |       |       |   100 |   431 |   142 ||   673

Vault maps used:
D:1:      minmay_arrival_nine_rooms
D:2:      minmay_roachtagon
D:3:      nicolae_ru_sacrificial_ziggurat, marbit_many_paths, minmay_vboxes
D:4:      makhleb_grotto_becter, serial_corexii_hall, corexii_hall_statues_t,
          corexii_hall_statues_s, uniq_blork_the_orc
D:5:      first_bread
D:6:      nicolae_ossuary_entry_catacombs
D:8:      cheibrodos_helix_gallery, xom_teletrap_fun, elyvilon_altar_4,
          grunt_gozag_statues, minmay_lair_entry_grove,
          hangedman_pestilent_swarm, uniq_prince_ribbit1, uniq_grum, uniq_pikel
D:9:      grunt_temple_overflow_diamond, grunt_decor_resistance,
          item_on_display_a
D:11:     kennysheep_six_static_rooms, orc_david_3, kennysheep_generic_room_11
D:12:     minmay_item_behind_shaft, worms_lemuel
D:13:     david_vaults_4, hangedman_glass_teeth
Temple:   minmay_temple_bridge_abc
Orc:1:    nicolae_orc_accident_3, enter_volcano_3, basic_altar, uniq_snorg
Orc:2:    st_orc_congregation
Ossuary:  ossuary_minmay_chase
Volcano:  kennysheep_volcano_temple
